 Dungeon Crawl Stone Soup version 0.23-b1-51-gfe822ef6ca (webtiles) character file.

Game seed: 6376671107602673077

4459 Kisielow the Cruncher (level 10, -2/64 HPs)
             Began as a Gargoyle Gladiator on Feb 4, 2019.
             Was an Elder of Okawaru.
             Slain by a vampire
             ... wielding a +0 battleaxe
              (5 damage)
             ... on level 9 of the Dungeon.
             The game lasted 00:14:45 (7090 turns).

Kisielow the Cruncher (Gargoyle Gladiator)          Turns: 7090, Time: 00:14:46

Health: -2/64      AC: 20    Str: 21    XL:     10   Next: 37%
Magic:  10/10      EV: 11    Int:  9    God:    Okawaru [****..]
Gold:   435        SH:  0    Dex: 11    Spells: 9/9 levels left

rFire    . . .     SeeInvis .   x - +2 quarterstaff (chaos)
rCold    . . .     Gourm    .   (shield currently unavailable)
rNeg     + . .     Faith    .   r - +0 scale mail
rPois    ∞         Spirit   .   c - +0 helmet
rElec    +         Reflect  .   y - +0 cloak
rCorr    .         Harm     .   (no gloves)
MR       +....                  (no boots)
Stlth    ..........             (no amulet)
HPRegen  0.20/turn              p - +2 ring of protection
MPRegen  0.12/turn              b - ring of protection from magic

@: berserk cooldown, slowed, very slow
A: negative energy resistance 1, electricity resistance, unbreathing,
petrification resistance, rot immunity, AC +7
a: Heroism, Renounce Religion


You were on level 9 of the Dungeon.
You worshipped Okawaru.
Okawaru was greatly pleased with you.
You were not hungry.

You visited 2 branches of the dungeon, and saw 10 of its levels.
You also visited: Sewer.

You collected 435 gold pieces.

Inventory:

Hand Weapons
 x - a +2 quarterstaff of chaos (weapon)
Missiles
 d - 4 throwing nets (quivered)
Armour
 c - a +0 helmet (worn)
 r - a +0 scale mail (worn)
 y - a +0 cloak (worn)
Magical Staves
 a - an uncursed staff of power
 w - an uncursed staff of conjuration
Jewellery
 b - a ring of protection from magic (right hand)
 o - a +2 ring of evasion
 p - a +2 ring of protection (left hand)
Wands
 e - a wand of random effects (31)
 A - a wand of polymorph (10)
 E - a wand of disintegration (14)
Scrolls
 h - 8 scrolls of identify
 k - a scroll of blinking
 m - 7 scrolls of teleportation
 n - 7 scrolls of remove curse
 u - 2 scrolls of immolation
 v - a scroll of enchant armour {unknown}
 F - 3 scrolls of amnesia
 G - a scroll of enchant weapon {unknown}
Potions
 g - 9 potions of curing
 i - a potion of heal wounds
 j - a potion of cancellation
 l - 2 potions of lignification
 q - a potion of agility
 s - 7 potions of flight {unknown}
 t - a potion of haste {unknown}
 B - a potion of invisibility {unknown}
 C - a potion of magic {unknown}
 D - a potion of brilliance {unknown}
Comestibles
 f - 21 rations


   Skills:
 + Level 7.8 Fighting
 * Level 10.9 Staves
 - Level 1.7 Throwing
 + Level 8.6 Armour
 - Level 2.4 Dodging


You had 9 spell levels left.
You didn't know any spells.
Your spell library contained the following spells:

 Spells                   Type           Power        Failure   Level  Hunger
 Sandblast                Erth           #.....       67%         1    ##.....
 Passwall                 Tmut/Erth      #.......     82%         2    ###....
 Stone Arrow              Conj/Erth      #.....       96%         3    ####...
 Petrify                  Tmut/Erth      #.......     100%        4    #####..
 Lee's Rapid Deconstruct  Erth           #.........   100%        5    ######.


Dungeon Overview and Level Annotations

Branches:
Dungeon (9/15)             Temple (1/1) D:4             Orc (0/2) D:9
   Lair: D:8-11

Altars:
Ashenzari
Cheibriados
Dithmenos
Elyvilon
Fedhas
Gozag
Hepliaklqana
Kikubaaqudgha
Makhleb
Okawaru
Qazlal
Sif Muna
Trog
Uskayaw
Vehumet
Wu Jian
Xom
Yredelemnul
Zin
The Shining One
Lugonu


Innate Abilities, Weirdness & Mutations

You are resistant to torment.
Your stone body is resilient. (AC +7)
You are immune to poison.
You resist negative energy. (rN+)
You are resistant to electric shocks. (rElec)
You can survive without breathing.
You are immune to petrification.
You are immune to rotting.


Message History

Items here: )))) [[ ††††† You closely miss the orc.
The orc hits you but does no damage.
The vampire gestures wildly while chanting.
The vampire flickers and vanishes!
Deactivating autopickup; reactivate with Ctrl-A.
You hit the orc.
The orc is heavily wounded.
The orc barely misses you.
The orc priest calls upon Beogh to heal the orc.
The orc's wounds heal themselves!
Your scale mail prevents you from hitting the orc.
The orc hits you but does no damage.
You sock the orc! You burn the orc.
You kill the orc!
Okawaru accepts your kill.
The orc priest mumbles some strange prayers to Beogh against you.
Beogh smites you!
* * * LOW HITPOINT WARNING * * *
Something hits you.
You die...

#.......#.###..###
#####'#.#.........
#.#.######.###
#.#.# #.##. ###.#.#
#..#. #.....# #..##
#.....# ##.##
#####.....### #...
######o)@(........
#..#
#......#####'####.#
##.# #.####.# ....
# #..
#....gho....####
#.. #...........#
#.. #......oo...#
..> #.....o.....#
#.# #...........#
#.# #...........#


You could see an orc priest.

Vanquished Creatures
  A blink frog (D:8)
  Sigmund (D:2)
  4 hogs (D:8)
  A human (D:8)
  3 yaks (D:8)
  Grum (D:9)
  A water moccasin (D:5)
  Duvessa (D:5)
  2 orc warriors
  An ice beast (D:5)
  A phantom (D:7)
  A black bear (D:7)
  An ogre (D:7)
  2 wolves (D:9)
  3 bullfrogs
  Dowan (D:5)
  5 scorpions
  4 wights (D:7)
  3 killer bees (D:7)
  3 crimson imps
  A centaur zombie (D:7)
  2 jellies (D:7)
  6 orc wizards
  3 hounds
  4 orc priests
  Crazy Yiuf (D:5)
  Terence (D:2)
  4 worker ants
  A killer bee zombie (D:7)
  A hound skeleton (D:5)
  Robin (D:3)
  4 river rats
  14 adders
  4 gnolls (D:5)
  3 shadow imps
  An adder skeleton (D:5)
  4 worms (D:3)
  A dart slug (D:3)
  4 leopard geckos
  29 orcs
  5 ball pythons
  10 bats
  5 giant cockroaches
  17 goblins
  8 hobgoblins
  16 jackals
  25 kobolds
  2 quokkas
  6 frilled lizards
  A jackal zombie (D:8)
  A leopard gecko zombie (D:6)
  35 rats
260 creatures vanquished.

Notes
Turn   | Place    | Note
-------+----------+-------------------------------------------
     0 | D:1      | Kisielow the Gargoyle Gladiator began the quest for the
                  | Orb.
     0 | D:1      | Reached XP level 1. HP: 12/12 MP: 1/1
   134 | D:1      | Reached XP level 2. HP: 16/17 MP: 2/2
   398 | D:1      | Reached skill level 4 in Staves
   638 | D:1      | Reached XP level 3. HP: 21/21 MP: 3/3
   779 | D:2      | Noticed Sigmund
   786 | D:2      | Killed Sigmund
   786 | D:2      | Reached skill level 6 in Staves
   786 | D:2      | Reached XP level 4. HP: 24/26 MP: 4/4
   786 | D:2      | Reached XP level 5. HP: 28/30 MP: 5/5
   880 | D:2      | Noticed Terence
   887 | D:2      | Killed Terence
   960 | D:2      | Reached skill level 1 in Armour
  1025 | D:2      | Reached XP level 6. HP: 34/36 MP: 6/6
  1467 | D:2      | Found a burning altar of Makhleb.
  1681 | D:3      | Noticed Robin
  1758 | D:3      | Killed Robin
  1899 | D:3      | Found a radiant altar of Vehumet.
  1958 | D:3      | Found a faded altar of an unknown god.
  2099 | D:3      | Found a shimmering altar of Xom.
  2214 | D:3      | Found a glowing silver altar of Zin.
  2238 | D:3      | Reached XP level 7. HP: 41/41 MP: 7/7
  2569 | D:4      | Found an ornate altar of the Wu Jian Council.
  2636 | D:4      | Found a staircase to the Ecumenical Temple.
  2655 | Temple   | Entered the Ecumenical Temple
  2798 | D:4      | Found an iron altar of Okawaru.
  2824 | D:4      | Became a worshipper of Warmaster Okawaru
  3015 | D:5      | Entered Level 5 of the Dungeon
  3081 | D:5      | Noticed Dowan
  3082 | D:5      | Noticed Duvessa
  3099 | D:5      | Killed Duvessa
  3099 | D:5      | Reached skill level 7 in Staves
  3138 | D:5      | Reached skill level 5 in Armour
  3138 | D:5      | Reached XP level 8. HP: 40/48 MP: 8/8
  3139 | D:5      | Killed Dowan
  3140 | D:5      | Found a glowing golden altar of the Shining One.
  3604 | D:5      | Found a glowing drain.
  3618 | Sewer    | Entered a sewer
  3920 | Sewer    | Reached * piety under Okawaru
  4236 | D:5      | Found a runed translucent door.
  4237 | D:5      | Noticed Crazy Yiuf
  4376 | D:5      | Reached skill level 5 in Fighting
  4500 | D:5      | Killed Crazy Yiuf
  4889 | D:6      | Reached skill level 8 in Staves
  5003 | D:6      | Found a hazy altar of Hepliaklqana.
  5040 | D:6      | Found a shadowy altar of Dithmenos.
  5269 | D:7      | Reached XP level 9. HP: 51/54 MP: 9/9
  5300 | D:7      | Reached ** piety under Okawaru
  5316 | D:7      | Reached skill level 9 in Staves
  5398 | D:7      | Found an opulent altar of Gozag.
  5834 | D:8      | Reached *** piety under Okawaru
  5871 | D:8      | Reached skill level 10 in Staves
  6226 | D:8      | Reached XP level 10. HP: 46/63 MP: 10/10
  6256 | D:8      | Reached **** piety under Okawaru
  6971 | D:9      | Found an ancient bone altar of Kikubaaqudgha.
  7046 | D:9      | Noticed Grum
  7047 | D:9      | Found a staircase to the Orcish Mines.
  7070 | D:9      | Killed Grum
  7070 | D:9      | Received a gift from Okawaru
  7090 | D:9      | HP: 3/64 [orc priest/divine providence (15)]
  7090 | D:9      | Slain by a vampire

Skill      XL: |  1  2  3  4  5  6  7  8  9 |
---------------+----------------------------+-----
Staves         | 4 6 7 8 10 | 10.9
Armour         | 1 3 5 6 8 |  8.6
Fighting       | 3 4 5 7 |  7.8
Throwing       | |  1.7
Dodging        | |  2.4

Action                   |  1- 3 |  4- 6 |  7- 9 | 10-12 || total
-------------------------+-------+-------+-------+-------++-------
Melee: Quarterstaff      |    67 |   254 |   586 |    84 ||   991
  Use: Scroll            |       |    11 |     2 |       ||    13
       Potion            |       |     1 |     5 |     4 ||    10
 Stab: Paralysed         |       |       |     1 |       ||     1
  Eat: Chunk             |       |     5 |    13 |     1 ||    19
       Ration            |       |       |       |     1 ||     1
Armor: Ring mail         |    27 |    23 |       |       ||    50
       Leather armour    |     3 |       |       |       ||     3
       Scale mail        |       |   129 |   400 |    40 ||   569
Dodge: Dodged            |    56 |   145 |   364 |    25 ||   590
